 Dungeon Crawl Stone Soup version 0.19.1-1-g22dce08 (webtiles) character file.

104 Gargoyl the Skirmisher (level 4, -1/40 HPs)
             Began as a Ghoul Abyssal Knight on Jan 16, 2017.
             Was a Believer of Lugonu.
             Slain by Elizilla's ghost (6 damage)
             ... on level 3 of the Dungeon.
             The game lasted 00:04:27 (1994 turns).

Gargoyl the Skirmisher (Ghoul Abyssal Knight)       Turns: 1994, Time: 00:04:28

Health: -1/40      AC: 11    Str: 15    XL:     4   Next: 80%
Magic:  5/5        EV:  9    Int:  7    God:    Lugonu [**....]
Gold:   140        SH:  7    Dex: 14    Spells: 0 memorised, 3 levels left

rFire  . . .     SeeInvis .     i - +1 hand axe (chop)
rCold  + . .     Gourm    .     d - +0 chain mail
rNeg   + + +     Faith    .     l - +0 shield
rPois  ∞         Spirit   .     (no helmet)
rElec  .         Reflect  .     b - +1 cloak
rCorr  .         Harm     .     (no gloves)
MR     .....                    (no boots)
Stlth  ..........               (no amulet)
                                (no ring)
                                (no ring)

@: agile, rotting
A: rotting body, claws 1, carnivore 3, cold resistance 1, negative energy
resistance 3, slow regeneration 1, torment resistance, unbreathing
a: Depart the Abyss, Bend Space, Renounce Religion


You were on level 3 of the Dungeon.
You worshipped Lugonu.
Lugonu was pleased with you.
You were not hungry.

You visited 1 branch of the dungeon, and saw 3 of its levels.
You visited the Abyss 1 time.

You collected 140 gold pieces.

Inventory:

Hand Weapons
 a - a +1 hand axe
 i - a +1 hand axe of chopping (weapon)
Armour
 b - a +1 cloak (worn)
 d - a +0 chain mail (worn)
 l - a +0 shield (worn)
Jewellery
 q - an uncursed ring of wizardry {unknown}
Scrolls
 e - a scroll of remove curse
Potions
 g - a potion of flight
 h - 2 potions of cancellation
 n - a potion of curing {unknown}
Comestibles
 c - 3 meat rations
 o - 7 chunks of flesh


   Skills:
 + Level 3.8 Fighting
 + Level 2.3 Axes
 * Level 2.8 Armour
 + Level 1.1 Dodging
 + Level 0.1 Shields
 * Level 3.2 Invocations


You had 3 spell levels left.
You didn't know any spells.

Dungeon Overview and Level Annotations

Branches:
Dungeon (3/15)

Altars:
The Shining One

Annotations:
D:3 Elizilla's ghost, amateur FoFi


Innate Abilities, Weirdness & Mutations

Your body is rotting away.
You thrive on raw meat.
You are immune to poison.
You have sharp fingernails.
You are carnivorous and can eat meat at any time.
Your flesh is cold resistant. (rC+)
You are immune to negative energy. (rN+++)
You regenerate slowly when monsters are visible.
You are immune to unholy pain and torment.
You can survive without breathing.


Message History

Elizilla's ghost is severely damaged.
Elizilla's ghost barely misses you.
You feel agile all of a sudden. Elizilla's ghost hits you.
You barely miss Elizilla's ghost.
Elizilla's ghost is severely damaged.
Elizilla's ghost hits you! x2
* * * LOW HITPOINT WARNING * * *
You hit Elizilla's ghost but do no damage.
Elizilla's ghost is severely damaged.
Elizilla's ghost barely misses you.
You hit Elizilla's ghost but do no damage.
Elizilla's ghost is severely damaged.
Elizilla's ghost hits you but does no damage.
It was a potion of lignification.
You feel woody for a moment. You block Elizilla's ghost's attack.
It was a potion of berserk rage.
You cannot raise a blood rage in your lifeless body.
Elizilla's ghost hits you.
You die...

......# # #..........>.
....... #.###..).........
.......##......).........
...[........####....#....
####...##......>.........
............##.##.
...............#
...)...##W###..# .....
#@# ..# ........# .#
###...... . ....###?..
!.# ..... # ......
....... #.....#.#


You could see Elizilla's ghost.

Vanquished Creatures
  4 adders
  2 worms
  2 dart slugs
  3 leopard geckos
  An orc (D:3)
  A ball python (D:2)
  9 bats
  4 giant cockroaches (D:1)
  4 hobgoblins
  4 kobolds
  2 quokkas (D:2)
  5 frilled lizards
  7 goblins
  4 rats
52 creatures vanquished.

Notes
Turn   | Place    | Note
-------+----------+-------------------------------------------
     0 | Abyss:1  | Gargoyl the Ghoul Abyssal Knight began the quest for the Orb.
     0 | Abyss:1  | Reached XP level 1. HP: 19/19 MP: 1/1
    76 | Abyss:1  | Found a corrupted altar of Lugonu.
   144 | Abyss:1  | Noticed a hellwing
   145 | D:1      | Escaped the Abyss
   222 | D:1      | Reached XP level 2. HP: 18/26 MP: 2/2
   223 | D:1      | Reached * piety under Lugonu
   352 | D:1      | Reached skill level 1 in Dodging
   404 | D:1      | Reached XP level 3. HP: 31/33 MP: 3/3
  1358 | D:2      | Found a glowing golden altar of the Shining One.
  1568 | D:2      | Reached XP level 4. HP: 36/40 MP: 5/5
  1761 | D:3      | Reached ** piety under Lugonu
  1924 | D:3      | Found a faded altar of an unknown god.
  1972 | D:3      | Noticed Elizilla's ghost (amateur FoFi)
  1994 | D:3      | Slain by Elizilla's ghost

Skill      XL: |  1  2  3  4 |
---------------+-------------+-----
Armour         | 2 |  2.8
Dodging        | 1 |  1.1
Axes           | 2 |  2.3
Invocations    | 3 |  3.2
Fighting       | |  3.8
Shields        | |  0.1

Action                   |  1- 3 |  4- 6 || total
-------------------------+-------+-------++-------
Melee: Hand axe          |   147 |    76 ||   223
Invok: Depart the Abyss  |     1 |       ||     1
  Use: Potion            |     3 |     3 ||     6
       Scroll            |     6 |     2 ||     8
  Eat: Chunk             |    17 |     7 ||    24
Armor: Chain mail        |   148 |    57 ||   205
Dodge: Dodged            |    61 |    18 ||    79
Block: Buckler           |    11 |       ||    11
       Shield            |    23 |    29 ||    52
